 Seeded DCSS version 0.30-a0-322-g102857c98e (webtiles) character file.

Game seed: 10107864130213769355 (custom seed)

151696 retardedninja the Peltast (level 17, -9/166 HPs)
             Began as a Hill Orc Fighter on Oct 27, 2022.
             Was an Initiate of Gozag.
             Mangled by a manticore (19 damage)
             ... summoned by Kirke
             ... on level 1 of the Swamp.
             The game lasted 01:07:03 (32249 turns).

retardedninja the Peltast (Hill Orc Fighter)       Turns: 32249, Time: 01:07:03

Health: -9/166     AC:  0    Str: 27    XL:     17   Next: 26%
Magic:  17/17      EV: 13    Int:  8    God:    Gozag
Gold:   2252       SH:  0    Dex: 10    Spells: 16/16 levels left

rFire   . . .      SeeInvis .    (weapon currently unavailable)
rCold   . . .      Faith    .    (shield currently unavailable)
rNeg    . . .      Spirit   .    (body armour currently unavailable)
rPois   .          Reflect  .    (helmet currently unavailable)
rElec   .          Harm     .    (cloak currently unavailable)
rCorr   .          Rampage  .    (gloves currently unavailable)
Will    +....                    (boots currently unavailable)
Stlth   ++........               (no amulet)
HPRegen 0.47/turn                (ring currently unavailable)
MPRegen 0.15/turn                (ring currently unavailable)

@: pig-form, very quick
A: fast, no casting, small
}: 1/15 runes: serpentine
a: Renounce Religion, Potion Petition, Call Merchant, Bribe Branch


You were on level 1 of the Swamp.
You worshipped Gozag.
Gozag was most pleased with you.
You were a filthy swine.
You visited 6 branches of the dungeon, and saw 24 of its levels.
You also visited: Bailey.

You collected 8674 gold pieces.
You spent 4221 gold pieces at shops.
You paid 2201 gold pieces to Gozag.

Inventory:

Hand Weapons
 n - the +8 whip of Xylukk (melded) {venom, Str+2}
   (You found it on level 3 of the Dungeon)

   It poisons the flesh of those it strikes.
   Str:       It affects your strength (+2).
Missiles
 C - a throwing net
 G - 13 boomerangs
 X - 4 silver javelins
Armour
 g - the +8 crystal plate armour "Musiogro" (melded) {rF+ Str+3}
   (You acquired it on level 1 of the Dungeon)

   Str:       It affects your strength (+3).
   rF:        It protects you from fire.
 A - the -1 pair of boots of the Fifty Defenders (melded) {rN+ Str+5}
   (You bought it in a shop on level 2 of the Orcish Mines)

   Str:       It affects your strength (+5).
   rN:        It protects you from negative energy.
 D - a +1 pair of gloves (melded)
 I - the +1 helmet "Obywkept" (melded) {Int+7}
   (You acquired it on level 8 of the Dungeon)

   Int:       It affects your intelligence (+7).
 M - the +18 shield of the Gong (melded) {rElec rN+ Will+ EV-5}
   (You found it on level 9 of the Dungeon)

   It is deafeningly noisy when blocking attacks.
   EV:        It affects your evasion (-5).
   rElec:     It insulates you from electricity.
   rN:        It protects you from negative energy.
   Will:      It increases your willpower.
 N - a +2 cloak of poison resistance (melded)
Jewellery
 j - a ring of positive energy
 m - an amulet of the acrobat
 r - a ring of resist corrosion
 v - the ring "Bosk" (melded) {Fire rElec rPois}
   (You took it off a vampire on level 10 of the Dungeon)

   [ring of fire]

   It enhances your fire magic.
   rF:        It protects you from fire.
   rC:        It makes you vulnerable to cold.
   rElec:     It insulates you from electricity.
   rPois:     It protects you from poison.
 y - the ring of Tipim (melded) {rElec Will- Str+6 Slay+2}
   (You acquired it on level 6 of the Dungeon)

   [ring of strength]

   Str:       It affects your strength (+6).
   Slay:      It affects your accuracy & damage with ranged weapons and melee
   (+2).
   rElec:     It insulates you from electricity.
   Will:      It decreases your willpower.
 O - an amulet of regeneration
Wands
 q - a wand of roots (8)
 s - a wand of digging (6)
 u - a wand of light (5)
 B - a wand of paralysis (10)
Scrolls
 c - 3 scrolls of identify
 f - 6 scrolls of magic mapping
 i - a scroll of fear
 t - 2 scrolls of fog
 w - 2 scrolls of poison
 H - a scroll of immolation
 J - a scroll of teleportation
 K - a scroll of enchant armour
 R - 4 scrolls of amnesia
Potions
 d - 3 potions of cancellation
 e - 2 potions of brilliance
 h - 3 potions of curing
 k - 4 potions of lignification
 l - 5 potions of attraction
 o - 7 potions of flight
 p - a potion of degeneration
 x - a potion of invisibility
 z - 2 potions of resistance
 E - 2 potions of magic
 Q - 9 potions of ambrosia
Miscellaneous
 a - a condenser vane
 F - a piece from Xom's chessboard (15/15)
 L - a phantom mirror
 V - a lightning rod (2/4) (quivered)


   Skills:
 + Level 18.6 Fighting
 - Level 5.9(13.5) Axes
 + Level 15.9(16.1) Maces & Flails
 - Level 2.6 Throwing
 + Level 15.2 Armour
 - Level 3.0 Stealth
 + Level 20.5 Shields
 - Level 2.0 Evocations


You had 16 spell levels left.
You didn't know any spells.
Your spell library contained the following spells:

 Spells                   Type           Power      Damage    Failure   Level
 Apportation              Tloc           0%         N/A       41%         1
 Beastly Appendage        Tmut           0%         N/A       41%         1
 Necrotise                Necr           0%         1d4       41%         1
 Sting                    Tmut/Pois      0%         1d3       41%         1
 Summon Small Mammal      Summ           0%         N/A       41%         1
 Poisonous Vapours        Pois/Air       0%         N/A       54%         2
 Wereblood                Tmut           0%         N/A       54%         2
 Inner Flame              Hex/Fire       0%         N/A       78%         3
 Ozocubu's Armour         Ice            0%         N/A       78%         3
 Spider Form              Tmut/Pois      0%         N/A       78%         3
 Cause Fear               Hex            0%         N/A       99%         4
 Olgreb's Toxic Radiance  Pois           0%         N/A       99%         4
 Petrify                  Tmut/Erth      0%         N/A       99%         4
 Borgnjor's Vile Clutch   Necr/Erth      0%         N/A       100%        5
 Metabolic Englaciation   Hex/Ice        0%         N/A       100%        5
 Death Channel            Necr           0%         N/A       100%        6
 Statue Form              Tmut/Erth      0%         N/A       100%        6
 Ozocubu's Refrigeration  Ice            0%         4d7       100%        7
 Discord                  Hex            0%         N/A       100%        8
 Animate Dead             Necr           Unusable   N/A       N/A         4
 Simulacrum               Ice/Necr       Unusable   N/A       N/A         6

Dungeon Overview and Level Annotations

Branches:
Dungeon (10/15)            Temple (1/1) D:4            Lair (5/5) D:8
  Swamp (2/4) Lair:2        Snake (4/4) Lair:2        Slime (0/5) Lair:4
    Orc (2/2) D:10            Elf (0/3) Orc:2        Bailey (visited)

Altars:
Ashenzari
Cheibriados
Dithmenos
Elyvilon
Fedhas
Gozag
Hepliaklqana
Kikubaaqudgha
Makhleb
Nemelex Xobeh
Okawaru
Qazlal
Ru
Sif Muna
Trog
Uskayaw
Vehumet
Wu Jian
Xom
Yredelemnul
Zin
The Shining One
Beogh

Shops:
D:1 (   Orc:2 ***=[   Snake:2 !   Snake:4 (

Annotations:
D:9 3 runed translucent doors, Zonian's ghost, journeyman DjIE
Lair:2 exclusion: 2 oklob plants
Lair:3 2 transporters, Zuegunnahai's ghost, journeyman AtFi
Swamp:1 Kirke


Message History

Unknown command.
You are too injured to fight recklessly!
Unknown command.
You are too injured to fight recklessly!
Unknown command.
You are too injured to fight recklessly!
Unknown command.
You are too injured to fight recklessly!
Unknown command.
You feel much better. Kirke hits you! The bunyip claws you.
The bunyip closely misses you. The bunyip barely misses you.
The eleionoma hits you.
Unknown command.
You feel better. Kirke hits you. The eleionoma closely misses you.
You barely miss the eleionoma.
The eleionoma is heavily wounded.
Kirke gestures wildly while chanting.
Kirke summons a manticore!
The eleionoma closely misses you.
You bite the eleionoma!
The eleionoma is severely wounded.
You bite the eleionoma!
The eleionoma is severely wounded.
Kirke points at you and mumbles some strange words.
You feel a momentary urge to oink. The bunyip claws you!!
* * * LOW HITPOINT WARNING * * *
The bunyip claws you.
* * * LOW HITPOINT WARNING * * *
The bunyip barely misses you.
The eleionoma touches a tree and draws upon its vitality.
The eleionoma is healed.
The manticore bites you!
* * * LOW HITPOINT WARNING * * *
The manticore claws you!
* * * LOW HITPOINT WARNING * * *
The manticore claws you!
* * * LOW HITPOINT WARNING * * *
You feel better. Kirke hits you.
* * * LOW HITPOINT WARNING * * *
The eleionoma misses you. The manticore bites you!!
You die...
Your body crumbles into a pile of gold.

~♣♣♣..~~~.~...~.♣♣..♣♣♣.~~§~♣ ♣..
♣♣ ♣♣.~~...~♣♣..♣♣♣♣♣ ♣.§.§.♣ ♣..
♣ ♣♣....~♣♣♣...♣♣ ♣♣.....♣♣♣♣~
♣♣♣♣♣♣♣.....~....~♣♣♣♣~<~~~~.♣♣♣♣
♣♣.~~..~~.~§..~~.♣♣§♣♣♣.~~§~..♣
♣~.~~~~~~.~..~~~..♣♣~♣♣.))~~..♣♣
♣~~~~~~~~.~...~~~~~~.♣♣..~~~~~~♣
♣.~~§~~~~......R@$~~~.....~~~~.♣
♣.~~~~~~~.♣♣♣♣♣♣hx~~~......~~~.♣♣
♣♣....~~~.♣♣ ♣♣$H~~~.♣~.♣~.~~~.♣
♣♣♣♣♣.~~..♣♣♣♣...~~~....~♣.~~~.♣
♣......~♣♣.~.........♣♣♣.~.♣♣
♣.......♣♣♣~........♣♣ ♣♣♣♣♣♣
♣~§~....♣~..♣♣~..~..~♣ ♣
♣♣♣♣♣.~..♣♣~~~.~♣♣♣♣♣♣.~.♣♣ ♣
~~♣♣.§~~.~~♣~~♣♣♣♣..~~~~..♣♣ ♣
~.~~~~~~...~..~♣♣~~§~~~~...♣♣♣ ♣


You could see Kirke, a bunyip, an eleionoma (poisoned) and a manticore
(summoned).

Vanquished Creatures
  Vashnia (Snake:2)
  2 nagarajas (Snake:4)
  Louise (Snake:1)
  Aizul (Snake:4)
  An eleionoma (Swamp:1)
  4 bunyips
  The ghost of Lobster4 the Fighter, a journeyman HuWn of Gozag (Lair:1)
  A shambling mangrove (Lair:2)
  5 hydras
  An anaconda (shapeshifter) (D:10)
  3 salamander tyrants (Snake:4)
  2 catoblepae (Lair:5)
  9 anacondas
  A boulder beetle (Lair:4)
  A two-headed ogre (D:8)
  3 alligators (Swamp:1)
  12 naga warriors
  4 death yaks
  19 naga sharpshooters
  6 orc high priests (Orc:2)
  Sonja (Lair:2)
  4 shock serpents
  6 salamander mystics
  4 goliath frogs
  2 swamp dragons (Swamp:1)
  A spriggan druid (Swamp:1)
  4 naga ritualists
  A lindwurm (Lair:5)
  6 mana vipers
  An oklob plant (Lair:2)
  17 salamanders
  2 manticores (Lair:5)
  A will-o-the-wisp (Swamp:1)
  11 elephants
  A guardian serpent (Snake:4)
  2 vault sentinels (D:9)
  40 black mambas
  2 torpor snails
  16 naga magi
  A gargoyle (D:10)
  24 cane toads
  6 rime drakes
  10 komodo dragons
  Psyche (D:8)
  An anaconda simulacrum (Snake:3)
  A queen bee (Lair:1)
  A troll (D:10)
  3 tyrant leeches (Swamp:1)
  2 polar bears
  21 blink frogs
  3 dream sheep
  5 hornets
  A vampire (D:10)
  2 spriggans (Swamp:1)
  3 wraiths (D:10)
  33 yaks
  Eustachio (D:4)
  6 wyverns
  2 dire elephant simulacra (Snake:3)
  Grum (Lair:1)
  A minotaur simulacrum (Snake:3)
  5 basilisks
  6 swamp worms
  12 vampire mosquitoes
  49 nagas
  10 wargs (Orc:2)
  2 harpy simulacra (Snake:3)
  An acid dragon (D:9)
  Duvessa (D:6)
  20 water moccasins
  3 ice beasts
  A sky beast (D:6)
  3 black bears (D:6)
  2 swamp drakes (Swamp:1)
  15 orc warriors
  10 wolves
  8 ogres
  A centaur (D:9)
  2 phantoms (D:4)
  13 bullfrogs
  A necrophage (D:4)
  4 scorpions
  A deep troll simulacrum (Snake:3)
  Dowan (D:6)
  25 killer bees (Lair:1)
  A lindwurm simulacrum (Snake:3)
  4 electric eels (D:10)
  3 howler monkeys
  2 jellies
  32 orc priests
  3 hounds
  Jessica (D:3)
  5 orc wizards
  2 gnolls (Bailey)
  7 adders
  A shadow imp (D:7)
  A white imp (D:8)
  An ufetubus (D:7)
  A worm (D:5)
  4 dart slugs
  70 orcs
  2 bats
  9 endoplasms
  5 giant cockroaches
  16 goblins
  5 hobgoblins
  5 jackals
  10 ball pythons
  A frilled lizard (D:2)
  15 kobolds
  3 rats
734 creatures vanquished.

Vanquished Creatures (others)
  A naga mage (Snake:3)
  A naga (Snake:4)
  2 orcs (D:10)
  4 foxfires (Swamp:1)
  25 fungi
  36 plants
  2 withered plants (Lair:1)
71 creatures vanquished.

Grand Total: 805 creatures vanquished

Notes
Turn   | Place    | Note
-------+----------+-------------------------------------------
     0 | D:1      | retardedninja the Hill Orc Fighter began the quest for the
                  | Orb.
     0 | D:1      | Reached XP level 1. HP: 19/19 MP: 1/1
   142 | D:1      | Reached XP level 2. HP: 27/27 MP: 2/2
   309 | D:1      | Reached XP level 3. HP: 2/33 MP: 3/3
   625 | D:1      | Found Mosoczo's Antique Weapon Boutique.
   791 | D:1      | Identified a scroll of acquirement
   792 | D:1      | Acquired the +8 crystal plate armour "Musiogro" {rF+ Str+3}
  1265 | D:2      | Found a faded altar of an unknown god.
  1433 | D:3      | Noticed Jessica
  1439 | D:3      | Killed Jessica
  1440 | D:3      | Reached XP level 4. HP: 40/40 MP: 4/4
  1734 | D:3      | Identified the +8 whip of Xylukk {venom, Str+2}
  2158 | D:4      | Noticed a scorpion
  2164 | D:4      | Killed a scorpion
  2165 | D:4      | Reached skill level 5 in Fighting
  2165 | D:4      | Reached XP level 5. HP: 45/48 MP: 5/5
  2451 | D:4      | Reached skill level 4 in Shields
  2457 | D:4      | Reached skill level 5 in Axes
  2512 | D:4      | Reached XP level 6. HP: 54/56 MP: 6/6
  2570 | D:4      | Found a staircase to the Ecumenical Temple.
  2593 | D:4      | Noticed Eustachio
  2605 | D:4      | Killed Eustachio
  2629 | Temple   | Entered the Ecumenical Temple
  2725 | Temple   | Became a worshipper of Gozag Ym Sagoz the Greedy
  3019 | D:4      | Noticed a yak
  3025 | D:4      | Killed a yak
  3026 | D:4      | Reached XP level 7. HP: 54/62 MP: 7/7
  3028 | D:4      | Reached skill level 5 in Armour
  3200 | D:4      | Reached XP level 8. HP: 70/70 MP: 8/8
  3551 | D:5      | Entered Level 5 of the Dungeon
  3554 | D:5      | Identified the +6 scale mail of the Purple Skies {rElec
                  | rPois Str-4}
  3581 | D:5      | Reached skill level 5 in Maces & Flails
  4430 | D:6      | Noticed Dowan
  4431 | D:6      | Noticed Duvessa
  4437 | D:6      | Reached XP level 9. HP: 73/78 MP: 9/9
  4440 | D:6      | Killed Duvessa
  4454 | D:6      | Killed Dowan
  4830 | D:6      | Acquired the ring of Tipim {rElec Will- Str+6 Slay+2}
  5373 | D:7      | Found a basalt altar of Yredelemnul.
  5379 | D:7      | Found a snail-covered altar of Cheibriados.
  5422 | D:7      | Identified the +4 ring mail of the Volcano {-Tele rF+ rC+}
  5646 | D:7      | Reached skill level 5 in Shields
  5873 | D:8      | Noticed Psyche
  5886 | D:8      | Killed Psyche
  5901 | D:8      | Found a flagged portal.
  5919 | Bailey   | Entered a bailey
  5963 | Bailey   | Reached XP level 10. HP: 88/88 MP: 10/10
  6054 | Bailey   | Reached skill level 10 in Maces & Flails
  6541 | D:8      | Acquired the +1 helmet "Obywkept" {Int+7}
  6655 | D:8      | Found a staircase to the Lair.
  6685 | D:8      | Noticed a two-headed ogre
  6691 | D:8      | Killed a two-headed ogre
  6967 | D:9      | Found a runed translucent gate.
  6967 | D:9      | Found a runed translucent gate.
  6969 | D:9      | Noticed a kobold demonologist
  6971 | D:9      | Found a runed translucent gate.
  6972 | D:9      | Noticed Zonian's ghost (journeyman DjIE)
  6974 | D:9      | Noticed a kobold demonologist
  6974 | D:9      | Noticed a kobold demonologist
  7154 | D:9      | Noticed a vault sentinel
  7161 | D:9      | Noticed a vault sentinel
  7169 | D:9      | Killed a vault sentinel
  7177 | D:9      | Killed a vault sentinel
  7189 | D:9      | Reached skill level 1 in Evocations
  7251 | D:9      | Found the +18 shield of the Gong {rElec rN+ Will+ EV-5}
  7364 | D:9      | Found a shimmering blue altar of Sif Muna.
  7640 | Lair:1   | Entered Level 1 of the Lair of Beasts
  7641 | Lair:1   | Noticed Grum
  7649 | Lair:1   | Noticed a black mamba
  7671 | Lair:1   | Reached skill level 6 in Shields
  7671 | Lair:1   | Noticed a cane toad
  7919 | D:8      | Killed a cane toad
  7920 | D:8      | Reached skill level 1 in Stealth
  7920 | D:8      | Reached XP level 11. HP: 99/99 MP: 11/11
  7929 | D:8      | Reached skill level 10 in Fighting
  8229 | Lair:1   | Reached skill level 7 in Shields
  8248 | Lair:1   | Killed Grum
  8361 | Lair:1   | You fall into a shaft and drop 1 floor!
  8414 | Lair:2   | Reached skill level 8 in Shields
  8421 | Lair:2   | Reached skill level 10 in Armour
  8513 | Lair:1   | Reached skill level 9 in Shields
  8838 | Lair:1   | Found a runed translucent door.
  8839 | Lair:1   | Noticed Lobster4's ghost (journeyman HuWn)
  8925 | Lair:1   | Reached skill level 10 in Shields
  8932 | Lair:1   | Reached XP level 12. HP: 110/110 MP: 12/12
  9723 | Lair:1   | Killed Lobster4's ghost
  9841 | Lair:2   | Reached skill level 11 in Shields
 10020 | Lair:2   | Reached skill level 12 in Shields
 10308 | Lair:2   | Noticed Sonja
 10326 | Lair:2   | Killed Sonja
 10396 | Lair:2   | Found a staircase to the Snake Pit.
 10647 | Lair:2   | Found a staircase to the Swamp.
 11329 | Lair:3   | Reached skill level 13 in Shields
 11372 | Lair:3   | Reached XP level 13. HP: 79/119 MP: 13/13
 12298 | Lair:3   | Found a transporter.
 12302 | Lair:3   | Found a transporter.
 12318 | Lair:3   | Noticed Zuegunnahai's ghost (journeyman AtFi)
 12413 | Lair:3   | Reached skill level 14 in Shields
 13176 | Lair:4   | Reached skill level 15 in Shields
 13400 | Lair:4   | Found a staircase to the Slime Pits.
 13841 | Lair:5   | Entered Level 5 of the Lair of Beasts
 14365 | Lair:4   | Reached XP level 14. HP: 113/132 MP: 14/14
 14458 | Lair:4   | Reached skill level 16 in Shields
 16226 | D:10     | Entered Level 10 of the Dungeon
 16304 | D:10     | Identified the ring "Bosk" {Fire rElec rPois}
 16353 | D:10     | Reached skill level 15 in Fighting
 16388 | D:10     | Reached skill level 17 in Shields
 17174 | D:10     | Found a white marble altar of Elyvilon.
 17174 | D:10     | Found an iron altar of Okawaru.
 17225 | D:10     | Found a staircase to the Orcish Mines.
 17251 | Orc:1    | Entered Level 1 of the Orcish Mines
 17558 | Orc:2    | Entered Level 2 of the Orcish Mines
 17643 | Orc:2    | Reached skill level 1 in Throwing
 17958 | Orc:2    | Found Ashriwy's Assorted Antiques.
 17958 | Orc:2    | Found Qelolon's General Store.
 18452 | Orc:2    | Bought a potion of berserk rage for 155 gold pieces
 18580 | Orc:2    | Found a roughly hewn altar of Beogh.
 18673 | Orc:2    | Found Fibb's Antique Armour Shoppe.
 18673 | Orc:2    | Found Muant's Jewellery Shop.
 18679 | Orc:2    | Bought a pair of shimmering boots for 361 gold pieces
 18679 | Orc:2    | Identified the -1 pair of boots of the Fifty Defenders {rN+
                  | Str+5} (You bought it in a shop on level 2 of the Orcish
                  | Mines)
 18690 | Orc:2    | Bought a runed cloak for 285 gold pieces
 18691 | Orc:2    | Bought a glowing cloak for 285 gold pieces
 18717 | Orc:2    | Bought the dreamshard necklace {*Dream Drain} for 2800 gold
                  | pieces
 18717 | Orc:2    | Found the dreamshard necklace {*Dream Drain}
 18835 | Orc:2    | Found Kyves's Assorted Antiques.
 18843 | Orc:2    | Bought a scroll of blinking for 225 gold pieces
 19055 | Orc:2    | Found a staircase to the Elven Halls.
 19320 | Snake:1  | Entered Level 1 of the Snake Pit
 19420 | Snake:1  | Identified the +6 tower shield of the Modern Geomancers
                  | {*Corrode rElec rC++ Int+3}
 19420 | Snake:1  | Noticed Louise
 19445 | Snake:1  | Killed Louise
 19446 | Snake:1  | Reached XP level 15. HP: 143/143 MP: 15/15
 20805 | Snake:1  | Reached skill level 18 in Shields
 21758 | Snake:2  | Bought a potion of curing for 30 gold pieces
 21758 | Snake:2  | Bought a potion of curing for 30 gold pieces
 21758 | Snake:2  | Bought a potion of heal wounds for 50 gold pieces
 22141 | Snake:2  | Noticed Vashnia
 22823 | Snake:2  | Killed Vashnia
 23192 | Snake:2  | Reached skill level 19 in Shields
 23469 | Snake:2  | Found a broken altar of Ashenzari.
 25232 | Snake:3  | Reached XP level 16. HP: 137/155 MP: 16/16
 26970 | Snake:4  | Entered Level 4 of the Snake Pit
 27646 | Snake:4  | Reached skill level 15 in Maces & Flails
 28347 | Snake:4  | Found Copaguerr's Antique Weapon Boutique.
 28387 | Snake:4  | Found a snail-covered altar of Cheibriados.
 28413 | Snake:4  | Noticed Aizul
 28436 | Snake:4  | Killed Aizul
 28479 | Snake:4  | Noticed a nagaraja
 28493 | Snake:4  | Killed a nagaraja
 28494 | Snake:4  | Reached skill level 20 in Shields
 28499 | Snake:4  | Noticed a nagaraja
 28515 | Snake:4  | Killed a nagaraja
 29391 | Snake:4  | Got a serpentine rune of Zot
 29623 | Swamp:1  | Entered Level 1 of the Swamp
 30131 | Lair:2   | Paralysed by a hornet for 2 turns
 30962 | Swamp:1  | Reached XP level 17. HP: 166/166 MP: 17/17
 31004 | Swamp:1  | Reached skill level 15 in Armour
 32224 | Swamp:2  | Noticed Kirke
 32248 | Swamp:1  | HP: 2/166 [manticore[Kirke] (13)]
 32249 | Swamp:1  | Mangled by a manticore

Illustrated notes

Levels and vault maps discovered:
D:1:      dpeg_arrival_brainrot, layout_basic, serial_shops,
          nicolae_shop_behind_doors
D:2:      layout_rooms, ebering_ecumenical_altar_petrified
D:3:      layout_loops_cross, uniq_jessica
D:4:      cheibrodos_barr_body, layout_gridville, minmay_temple_entry_mist,
          uniq_eustachio
D:5:      layout_gridville, amethyst_killhole
D:6:      layout_basic, uniq_duvessa
D:7:      layout_loops_cross, grunt_temple_overflow_open
D:8:      layout_loops_corners, lair_entry_dummy, enter_bailey_5, uniq_psyche
D:9:      layout_rooms, lemuel_doored_altar, gammafunk_ghost_nasty_kobolds,
          minmay_misc_feat_more_columns, chequers_avenue,
          hellmonk_guarded_unrand_gong
D:10:     layout_basic, mainiacjoe_overflow_divided_tiny, erik_orc_2,
          kennysheep_path_1
Temple:   minmay_temple_bridge_d
Lair:1:   layout_gridlike, gammafunk_ghost_grave, special_room
          [special_room_bee], uniq_grum
Lair:2:   dpeg_oklob_gauntlet, layout_cave_pods, swamp_mist,
          minmay_snake_entry_six_corridors, uniq_sonja
Lair:3:   nzn_winding_woodlands_medium [nzn_winding_woodlands_5x5_default,
          nzn_winding_woodlands_5x15_garden, nzn_winding_woodlands_5x5_cross,
          nzn_winding_woodlands_5x5_open_star,
          nzn_winding_woodlands_center_lodge, nzn_winding_woodlands_5x5_default,
          nzn_winding_woodlands_5x5_closed_star,
          nzn_winding_woodlands_5x15_lazy_stream,
          nzn_winding_woodlands_5x5_checkerboard], layout_gridlike,
          gammafunk_ghost_hive
Lair:4:   layout_gridlike, slime_entry_1, infiniplex_staircase_pool_2
Lair:5:   hangedman_lair_in_review, layout_gridlike, st_stairs_5,
          infiniplex_staircase_pool, grunt_megastairs_2
Swamp:1:  layout_basic_swamp, hangedman_swamp_ruin_hall, swamp_pool1
Swamp:2:  layout_basic_swamp, gammafunk_ghost_grave,
          evilmike_swamp_ruin_house_3, uniq_mlioglotl, uniq_kirke
Snake:1:  layout_misc_corridors, lemuel_fruit_tree, serial_bayou_shore_b,
          uniq_louise
Snake:2:  layout_chambers, basic_altar, nicolae_fountain_basement,
          grunt_megastairs_3, uniq_vashnia
Snake:3:  layout_grid_maze, portal_ice_cave_entry_ice_simulacra
Snake:4:  minmay_snake_end_coiled, layout_onion_interference, serial_shops,
          shop, basic_altar, uniq_aizul
Orc:1:    layout_diamond_mine, basic_altar, nicolae_orc_lava_tube
Orc:2:    st_orc_town, layout_diamond_mine, serial_shops, shop

Skill      XL: |  1  2  3  4  5  6  7  8  9 10 11 12 13 14 15 16 17 |
---------------+----------------------------------------------------+-----
Axes           | 3 4 5 |  5.9
Fighting       | 4 5 6 7 9 11 12 14 15 17 18 | 18.6
Shields        | 4 5 6 10 13 15 17 19 20 | 20.5
Armour         | 4 5 6 8 9 10 11 12 13 14 15 | 15.2
Maces & Flails | 2 4 7 9 11 12 13 14 15 | 15.9
Evocations     | 1 2 |  2.0
Stealth        | 1 2 3 |  3.0
Throwing       | 1 2 |  2.6

Action                   |  1- 3 |  4- 6 |  7- 9 | 10-12 | 13-15 | 16-18 || total
-------------------------+-------+-------+-------+-------+-------+-------++-------
Melee: War axe           |   102 |    18 |       |       |       |       ||   120
       Whip              |       |    55 |   234 |   660 |  1579 |   910 ||  3438
       Unarmed           |       |       |       |       |       |     9 ||     9
Throw: Boomerang         |       |       |       |       |    38 |       ||    38
       Javelin           |       |       |       |       |    11 |    18 ||    29
       Throwing net      |       |       |       |       |     5 |     2 ||     7
Invok: Call Merchant     |       |       |       |       |     1 |       ||     1
       Potion Petition   |       |       |       |       |       |     3 ||     3
Evoke: Wand              |       |       |       |     7 |     7 |    11 ||    25
       Lightning rod     |       |       |       |       |     4 |     7 ||    11
  Use: Potion            |     1 |       |     1 |     5 |     6 |     7 ||    20
       Scroll            |     6 |       |     1 |    13 |    10 |     5 ||    35
 Stab: Distracted        |       |       |       |     6 |     7 |    14 ||    27
       Held in net/web   |       |       |       |       |       |     1 ||     1
Armor: Scale mail        |    38 |       |       |       |       |       ||    38
       Crystal plate arm |    48 |    83 |   125 |   345 |   466 |   364 ||  1431
       Skin              |       |       |       |       |       |     5 ||     5
Dodge: Dodged            |    29 |    22 |    50 |    53 |    31 |    31 ||   216
Block: Buckler           |    26 |    11 |    29 |     8 |       |       ||    74
       Kite shield       |       |       |       |   683 |  1678 |  1085 ||  3446

Table legend: (Time is in decaauts)
 A = Elapsed time spent in this place.
 B = Non-inter-level travel time spent in this place.
 C = Inter-level travel time spent in this place.
 D = Time resting spent in this place.
 E = Time spent auto-exploring this place.
 F = Levels seen in this place.
 G = Mean time per level.
                   A        B        C        D        E       F      G
               +--------+--------+--------+--------+--------+-----+--------+
         Total |  31065 |  29896 |   1169 |  10571 |  14025 |  25 | 1242.6 |
       Dungeon |   8809 |   8375 |    434 |   1383 |   5716 |  10 |  880.9 |
        Temple |    167 |     67 |    100 |      0 |     61 |   1 |  167.0 |
          Lair |  10270 |   9973 |    297 |   4725 |   3776 |   5 | 2054.0 |
         Swamp |   1026 |   1003 |     23 |    221 |    508 |   2 |  513.0 |
     Snake Pit |   8762 |   8517 |    245 |   3858 |   2843 |   4 | 2190.5 |
  Orcish Mines |   1732 |   1664 |     68 |    383 |    927 |   2 |  866.0 |
        Bailey |    296 |    296 |      0 |      0 |    192 |   1 |  296.0 |
               +--------+--------+--------+--------+--------+-----+--------+

Top non-repeatable levels by time:
  Lair:2: 4233 daAuts
 Snake:3: 3459 daAuts
 Snake:2: 2860 daAuts
  Lair:4: 1778 daAuts
  Lair:3: 1580 daAuts
     D:8: 1513 daAuts
  Lair:1: 1441 daAuts
   Orc:2: 1435 daAuts
     D:4: 1302 daAuts
 Snake:1: 1260 daAuts
  Lair:5: 1236 daAuts
 Snake:4: 1182 daAuts
    D:10: 1018 daAuts
 Swamp:1: 994 daAuts
     D:1: 951 daAuts
